 Dungeon Crawl Stone Soup version 0.21-a0-591-g2314aa1 (webtiles) character file.

74 mopl the Caller (level 4, 0/30 HPs)
             Began as a Barachi Summoner on Dec 22, 2017.
             Slain by a goblin
             ... wielding a +0 club
             ... led by Robin
              (8 damage)
             ... on level 3 of the Dungeon.
             The game lasted 00:02:55 (2261 turns).

mopl the Caller (Barachi Summoner)                  Turns: 2261, Time: 00:02:55

Health: 0/30       AC:  2    Str: 10    XL:     4   Next: 30%
Magic:  3/8        EV: 12    Int: 16    God:
Gold:   88         SH:  0    Dex: 12    Spells: 0/9 levels left

rFire    . . .     SeeInvis .   d - +2 dagger (drain)
rCold    . . .     Gourm    .   (no shield)
rNeg     . . .     Faith    .   a - +0 robe
rPois    .         Spirit   .   (no helmet)
rElec    .         Reflect  .   (no cloak)
rCorr    .         Harm     .   (no gloves)
MR       .....                  (no boots)
Stlth    ++........             (no amulet)
HPRegen  0.10/turn              (no ring)
MPRegen  0.11/turn              (no ring)

@: slow
A: +LOS, swims, slowness 1, strong legs 1
a: Hop


You were on level 3 of the Dungeon.
You were hungry.

You visited 1 branch of the dungeon, and saw 3 of its levels.

You collected 88 gold pieces.

Inventory:

Hand Weapons
 d - a +2 dagger of draining (weapon)
Armour
 a - a +0 robe (worn)
Scrolls
 e - 3 scrolls of identify {unknown}
 f - a scroll of magic mapping {unknown}
 g - 2 scrolls of teleportation {unknown}
 h - a scroll of fear {unknown}
 i - a scroll of immolation {unknown}
 j - 3 scrolls of remove curse {unknown}
 k - a scroll of noise {unknown}
Potions
 l - a potion of ambrosia {unknown}
 m - a potion of resistance {unknown}
Books
 b - a book of Callings

   Spells                             Type                      Level
   a - Summon Small Mammal            Summoning                    1
   b - Call Imp                       Summoning                    2
   c - Call Canine Familiar           Summoning                    3
   d - Summon Guardian Golem          Hexes/Summoning              3
   e - Summon Lightning Spire         Summoning/Air                4
   f - Summon Ice Beast               Ice/Summoning                4
Comestibles
 c - 4 rations


   Skills:
 - Level 2.1 Dodging
 - Level 1.7 Stealth
 + Level 3.1 Spellcasting
 * Level 6.2 Summonings


You couldn't memorise any spells.
You knew the following spells:

 Your Spells              Type           Power        Failure   Level  Hunger
a - Summon Small Mammal   Summ           ###.         1%          1    None
b - Call Imp              Summ           ###.....     1%          2    ##.....
c - Call Canine Familiar  Summ           ###.....     4%          3    ###....
g - Summon Guardian Gole  Hex/Summ       ##......     16%         3    ###....


Dungeon Overview and Level Annotations

Branches:
Dungeon (3/15)

Altars:
Ru

Annotations:
D:3 Robin


Innate Abilities, Weirdness & Mutations

Shadows flee at your approach. (+LOS)
You can swim through water.
You cover ground slowly.
You can hop short distances.


Message History

Your crimson imp barely misses Robin.
The goblin hits your crimson imp with a dagger.
A goblin comes into view. It is wielding a dagger.
There is a stone staircase leading down here.
Items here: )) ††† a club; a dagger; a goblin corpse; a hobgoblin corpse; a goblin corpse Robin throws the goblin at you!
The goblin barely misses you.
Your crimson imp hits Robin.
Your hound closely misses the goblin.
Robin throws the goblin at you!
Unknown command.
Unknown command.
You hit the goblin.
The goblin is heavily wounded.
Your hound closely misses the goblin.
The goblin closely misses you. The goblin barely misses you.
Your crimson imp closely misses Robin.
The goblin hits you with a dagger.
* * * LOW HITPOINT WARNING * * *
Robin throws the goblin at you!
You swap places.
The goblin hits you with a club!
You die...

# ## ##. #.
...####.##
.........#
.........#
.......#<#####
.......g>5g..#
.......g5h.#...g.
.......g@#.# .##
...#.....#.#
....##...#.. ....
#.... #. ...
#...# .# .. #...#
# #...# .....
##.##


You could see Robin, 3 goblins, a friendly hound and 2 friendly crimson imps.

Vanquished Creatures
  3 adders (D:2)
  A worm (D:2)
  2 dart slugs (D:2)
  3 giant cockroaches
  8 goblins
  8 hobgoblins
  3 bats (D:1)
  3 frilled lizards
  6 kobolds
  4 rats (D:1)
41 creatures vanquished.

Vanquished Creatures (collateral kills)
  A worm (D:2)
  2 goblins (D:3)
  2 kobolds (D:1)
5 creatures vanquished.

Grand Total: 46 creatures vanquished

Notes
Turn   | Place    | Note
-------+----------+-------------------------------------------
     0 | D:1      | mopl the Barachi Summoner began the quest for the Orb.
     0 | D:1      | Reached XP level 1. HP: 13/13 MP: 3/3
   321 | D:1      | Reached skill level 5 in Summonings
   622 | D:1      | Reached XP level 2. HP: 11/19 MP: 3/5
   691 | D:1      | Learned a level 2 spell: Call Imp
  1168 | D:2      | Found a sacrificial altar of Ru.
  1174 | D:2      | Reached XP level 3. HP: 10/24 MP: 7/7
  1179 | D:2      | Learned a level 3 spell: Call Canine Familiar
  1573 | D:2      | Reached skill level 6 in Summonings
  1946 | D:2      | Reached skill level 3 in Spellcasting
  1982 | D:2      | Reached XP level 4. HP: 26/30 MP: 4/8
  1989 | D:2      | Learned a level 3 spell: Summon Guardian Golem
  2244 | D:3      | Noticed Robin
  2261 | D:3      | Slain by a goblin

Vault maps used:
D:1:      enne_arrival_octagon_isle
D:2:      lemuel_crystal_altar, minmay_misc_feat_enclosed
D:3:      nicolae_overflow_hidden_temple, first_ration, uniq_robin,
          uniq_crazy_yiuf_cottage, uniq_ijyb

Skill      XL: |  1  2  3 |
---------------+----------+-----
Summonings     | 5 6 |  6.2
Spellcasting   | 3 |  3.1
Dodging        | |  2.1
Stealth        | |  1.7

Action                   |  1- 3 |  4- 6 || total
-------------------------+-------+-------++-------
Melee: Dagger            |   107 |    17 ||   124
       Unarmed           |    10 |       ||    10
 Cast: Summon Small Mamm |     6 |       ||     6
       Call Canine Famil |     4 |     1 ||     5
       Call Imp          |     1 |     2 ||     3
 Stab: Sleeping          |     1 |       ||     1
  Eat: Chunk             |     4 |     1 ||     5
Armor: Robe              |    16 |     4 ||    20
Dodge: Dodged            |    79 |    11 ||    90

Table legend:
 A = Spawn XP
 B = Non-spawn XP
 C = Spawn XP percentage of total XP
 D = Spawn monster count
 E = Non-spawn monster count
 F = Spawn count percentage of total count
 G = Total turns spent on level
                    A         B        C        D         E        F      G
               +---------+---------+-------+---------+---------+-------+---------
         Total |       0 |     107 |   0.0 |       0 |      46 |   0.0 |  2261
               +---------+---------+-------+---------+---------+-------+---------
           D:1 |       0 |      33 |   0.0 |       0 |      22 |   0.0 |  1149
           D:2 |       0 |      61 |   0.0 |       0 |      16 |   0.0 |  1089
           D:3 |       0 |      13 |   0.0 |       0 |       8 |   0.0 |    23
               +---------+---------+-------+---------+---------+-------+---------
